 Dungeon Crawl Stone Soup version 0.26-b1-57-gb162d0664a (webtiles) character file.

Game seed: 8998036865640188693

20386 DerHolg the Slinger (level 13, 0/89 HPs)
             Began as a Halfling Hunter on Jan 8, 2021.
             Was a High Priest of Okawaru.
             Slain by an eight-headed hydra (12 damage)
             ... on level 11 of the Dungeon.
             The game lasted 01:55:54 (16322 turns).

DerHolg the Slinger (Halfling Hunter)              Turns: 16322, Time: 01:55:55

Health: 0/89       AC: 19    Str: 15    XL:     13   Next: 11%
Magic:  18/19      EV: 27    Int:  9    God:    Okawaru [*****.]
Gold:   803        SH:  0    Dex: 18    Spells: 12/12 levels left

rFire    + . .     SeeInvis .   C - +2 hunting sling (freeze)
rCold    . . .     Faith    .   (shield restricted)
rNeg     . . .     Spirit   .   A - +2 leather armour {rF+}
rPois    +         Reflect  .   p - +2 helmet
rElec    .         Harm     .   q - +2 cloak
rCorr    .         Rampage  .   F - +0 pair of gloves
Will     .....                  v - +2 pair of boots
Stlth    +++++++...             h - amulet of regeneration
HPRegen  0.64/turn              s - ring of stealth
MPRegen  0.16/turn              D - ring of poison resistance

@: mighty, heroism
A: small, mutation resistance 1
a: Renounce Religion, Heroism, Finesse


You were on level 11 of the Dungeon.
You worshipped Okawaru.
Okawaru was extremely pleased with you.
You visited 2 branches of the dungeon, and saw 12 of its levels.
You also visited: Sewer and Ossuary.

You collected 1143 gold pieces.
You spent 340 gold pieces at shops.

Inventory:

Hand Weapons
 a - a +4 hunting sling of flaming
 b - the +3 Elemental Staff {rElec rF++ rC++ Will++ AC+5}
   (You found it on level 10 of the Dungeon)

   It affects your AC (+5).
   It greatly protects you from fire.
   It greatly protects you from cold.
   It insulates you from electricity.
   It affects your willpower, your defense against some magical effects.
 C - a +2 hunting sling of freezing (weapon)
 N - a +0 dagger of protection
Missiles
 d - 190 sling bullets (quivered ammo)
 f - 192 stones
Armour
 p - a +2 helmet (worn)
 q - a +2 cloak (worn)
 t - a +0 chain mail of fire resistance
 v - a +2 pair of boots (worn)
 A - a +2 leather armour of fire resistance (worn)
 F - a +0 pair of gloves (worn)
 K - a +0 buckler
 L - a +1 cloak
Jewellery
 h - an amulet of regeneration (around neck)
 s - a ring of stealth (left hand)
 D - a ring of poison resistance (right hand)
Wands
 i - a wand of acid (2)
 m - a wand of enslavement (14)
 n - a wand of iceblast (5)
 E - a wand of polymorph (7)
 G - a wand of digging (4)
Scrolls
 g - 5 scrolls of enchant armour
 r - 7 scrolls of remove curse
 w - 3 scrolls of enchant weapon
 y - a scroll of teleportation
 B - 3 scrolls of fog
 I - a scroll of vulnerability {unknown}
 J - 3 scrolls of brand weapon
 M - a scroll of blinking
Potions
 c - 4 potions of magic
 e - 5 potions of flight
 j - a potion of lignification
 k - a potion of invisibility
 l - 4 potions of might
 o - 3 potions of haste
 u - a potion of brilliance
 x - 9 potions of curing
 z - 6 potions of heal wounds
 H - 3 potions of berserk rage {unknown}


   Skills:
 + Level 8.3(13.3) Fighting
 - Level 12.0(17.0) Slings
 + Level 9.4(14.4) Armour
 + Level 10.0(15.0) Dodging
 + Level 10.6(15.6) Stealth
 + Level 2.3(7.3) Shields
 + Level 9.0 Invocations


You had 12 spell levels left.
You didn't know any spells.
Your spell library contained the following spells:

 Spells                   Type           Power        Failure   Level
 Animate Skeleton         Necr           0%           43%         1
 Apportation              Tloc           0%           43%         1
 Beastly Appendage        Tmut           0%           43%         1
 Corona                   Hex            0%           43%         1
 Foxfire                  Conj/Fire      0%           43%         1
 Magic Dart               Conj           0%           43%         1
 Sandblast                Erth           0%           43%         1
 Sting                    Tmut/Pois      0%           43%         1
 Summon Small Mammal      Summ           0%           43%         1
 Blink                    Tloc           N/A          56%         2
 Call Imp                 Summ           0%           56%         2
 Ensorcelled Hibernation  Hex/Ice        0%           56%         2
 Passwall                 Tmut/Erth      0%           56%         2
 Poisonous Vapours        Pois/Air       0%           56%         2
 Slow                     Hex            0%           56%         2
 Wereblood                Tmut           0%           56%         2
 Conjure Flame            Conj/Fire      0%           80%         3
 Ignite Poison            Fire/Tmut/Pois 0%           80%         3
 Inner Flame              Hex/Fire       0%           80%         3
 Mephitic Cloud           Conj/Pois/Air  0%           80%         3
 Portal Projectile        Hex/Tloc       0%           80%         3
 Spider Form              Tmut/Pois      0%           80%         3
 Stone Arrow              Conj/Erth      0%           80%         3
 Cause Fear               Hex            0%           99%         4
 Fulminant Prism          Conj/Hex       0%           99%         4
 Ice Form                 Ice/Tmut       0%           99%         4
 Leda's Liquefaction      Hex/Erth       0%           99%         4
 Olgreb's Toxic Radiance  Pois           0%           99%         4
 Petrify                  Tmut/Erth      0%           99%         4
 Sticky Flame             Conj/Fire      0%           99%         4
 Blade Hands              Tmut           0%           100%        5
 Lee's Rapid Deconstruct  Erth           0%           100%        5


Dungeon Overview and Level Annotations

Branches:
Dungeon (11/15)            Temple (0/1) D:6            Lair (1/6) D:11
    Orc (0/2) D:10          Sewer (visited)         Ossuary (visited)

Altars:
Hepliaklqana
Makhleb
Okawaru
Beogh

Shops:
D:4 ?   D:5 }   D:10 =

Annotations:
D:9 exclusion: 2 Ericas
D:10 Erolcha, Gastronok


Innate Abilities, Weirdness & Mutations

You are small and have problems with some larger weapons.
You are somewhat resistant to further mutation.


Message History

The eight-headed hydra is heavily wounded.
Fire: 192 sling bullets
Press: ? - help, Q - select action, (/) - cycle Shift-Dir - straight line, f/p - eight-headed hydra
Aim: an eight-headed hydra (heavily wounded, slow)
You shoot a sling bullet.
The sling bullet hits the eight-headed hydra!
The sling bullet freezes the eight-headed hydra.
The eight-headed hydra is severely wounded.
Fire: 191 sling bullets
Press: ? - help, Q - select action, (/) - cycle Shift-Dir - straight line, f/p - eight-headed hydra
Aim: an eight-headed hydra (severely wounded, slow)
You shoot a sling bullet.
The sling bullet hits the eight-headed hydra.
The eight-headed hydra seems to slow down.
The sling bullet freezes the eight-headed hydra.
The eight-headed hydra is severely wounded.
The eight-headed hydra completely misses you.
The eight-headed hydra bites you but does no damage.
The eight-headed hydra bites you!
You die...

#.....#....##.<.'.....#...
#.....#..(..#...#.....#...
#.....'....##...##....+...
#.....#....##...##....#...
#.....#...........[...#...
#.....#...............#...
#.....#...............#...
#.....#..D..#...#####'#...
########.@#######.......##
#### #.......#. #.......#.
#.......#. #.......#.
#.......#. ############
#.......#.
#..........######.......##
#................###'#####


You could see an eight-headed hydra (slow).

Vanquished Creatures
  A boulder beetle (D:10)
  Erica (D:9)
  4 two-headed ogres
  A centaur warrior (D:7)
  A manticore (D:11)
  A deep elf mage (D:10)
  An ugly thing (D:6)
  A cyclops (D:7)
  A black mamba (Lair:1)
  A centaur skeleton (D:11)
  Joseph (D:10)
  A cane toad (Lair:1)
  A gargoyle (D:11)
  A komodo dragon (Lair:1)
  A kobold demonologist (D:11)
  A troll (D:9)
  A hornet (D:11)
  Grinder (D:5)
  3 blink frogs (Lair:1)
  2 wyverns
  Eustachio (D:5)
  17 yaks
  2 steam dragons
  2 water moccasins
  3 ice beasts
  9 orc warriors
  A necrophage (D:11)
  4 phantoms
  5 sky beasts
  9 ogres
  10 centaurs
  A big kobold (D:10)
  13 bullfrogs
  4 scorpions
  7 killer bees
  9 wights
  2 electric eels (Lair:1)
  3 howler monkeys
  2 centaur zombies
  A bullfrog zombie (D:5)
  4 jellies
  12 orc priests
  16 hounds
  8 orc wizards
  Crazy Yiuf (D:7)
  A bullfrog skeleton (D:10)
  Ijyb (D:3)
  2 iguanas
  9 worker ants
  2 big kobold zombies (Ossuary)
  A hound skeleton (D:5)
  2 mummies (Ossuary)
  A worker ant zombie (D:8)
  6 gnolls (D:4)
  18 adders
  A shadow imp (D:5)
  5 white imps
  2 ufetubi (D:7)
  6 oozes
  An adder skeleton (D:7)
  An adder zombie (D:9)
  4 worms
  A dart slug (D:1)
  10 leopard geckos
  76 orcs
  13 bats
  6 giant cockroaches
  8 goblins
  5 hobgoblins
  5 jackals
  2 quokkas
  7 frilled lizards
  A gnoll zombie (Ossuary)
  5 goblin zombies (Ossuary)
  2 hobgoblin zombies (Ossuary)
  A jackal skeleton (D:4)
  23 kobolds
  4 orc zombies (Ossuary)
  2 quokka skeletons
  2 quokka zombies
  9 rats
417 creatures vanquished.

Vanquished Creatures (others)
  A worker ant (D:11)
  A fungus (Lair:1)
  10 plants
12 creatures vanquished.

Grand Total: 429 creatures vanquished

Notes
Turn   | Place    | Note
-------+----------+-------------------------------------------
     0 | D:1      | DerHolg the Halfling Hunter began the quest for the Orb.
     0 | D:1      | Reached XP level 1. HP: 14/14 MP: 1/1
    42 | D:1      | Reached XP level 2. HP: 19/19 MP: 2/2
    82 | D:1      | Reached skill level 6 in Slings
   456 | D:1      | Reached XP level 3. HP: 24/24 MP: 3/3
   679 | D:2      | Reached skill level 1 in Armour
   909 | D:2      | Reached XP level 4. HP: 20/29 MP: 4/4
  1831 | D:3      | Reached XP level 5. HP: 22/35 MP: 5/5
  2153 | D:3      | Noticed Ijyb
  2302 | D:3      | Killed Ijyb
  2368 | D:3      | Reached XP level 6. HP: 41/41 MP: 6/6
  2641 | D:3      | Found an iron altar of Okawaru.
  2650 | D:3      | Became a worshipper of Warmaster Okawaru
  2784 | D:4      | Noticed an ogre
  2961 | D:4      | Reached skill level 7 in Slings
  2972 | D:4      | Identified the +2 robe of Liberty {+Inv}
  2983 | D:4      | Found Guprulin's Magic Scroll Shoppe.
  3090 | D:4      | Reached XP level 7. HP: 46/46 MP: 7/7
  3551 | D:4      | Reached * piety under Okawaru
  3569 | D:4      | Found Guprulin's Magic Scroll Shoppe.
  3850 | D:5      | Entered Level 5 of the Dungeon
  3967 | D:5      | Reached skill level 1 in Invocations
  3967 | D:5      | Reached XP level 8. HP: 49/54 MP: 8/8
  3978 | D:5      | Found a sand-covered staircase.
  3985 | Ossuary  | Entered an ossuary
  4031 | Ossuary  | Reached skill level 8 in Slings
  4568 | D:5      | Found Yvaag's Gadget Emporium.
  4701 | D:5      | Reached skill level 5 in Dodging
  4746 | D:5      | Noticed Eustachio
  4778 | D:5      | Killed Eustachio
  4778 | D:5      | Reached ** piety under Okawaru
  4779 | D:5      | Reached skill level 5 in Stealth
  4828 | D:5      | Noticed Grinder
  4840 | D:5      | Killed Grinder
  4841 | D:5      | Reached XP level 9. HP: 59/59 MP: 7/11
  5125 | D:5      | You fall into a shaft and drop 3 floors!
  5149 | D:8      | Reached skill level 9 in Slings
  5416 | D:8      | Noticed a two-headed ogre
  5672 | D:8      | Reached skill level 5 in Armour
  5877 | D:6      | Reached *** piety under Okawaru
  5894 | D:6      | Found a glowing drain.
  5965 | Sewer    | Entered a sewer
  6660 | D:5      | Found a burning altar of Makhleb.
  6664 | D:5      | Reached skill level 5 in Fighting
  6726 | D:5      | Found a hazy altar of Hepliaklqana.
  6915 | D:6      | Found a staircase to the Ecumenical Temple.
  8073 | D:7      | Reached XP level 10. HP: 66/66 MP: 13/13
  8298 | D:7      | Reached skill level 5 in Invocations
  8312 | D:7      | Reached **** piety under Okawaru
  8313 | D:7      | Reached skill level 10 in Slings
  8366 | D:7      | Received a gift from Okawaru
  8608 | D:7      | Noticed a centaur warrior
  8617 | D:7      | Noticed a red ugly thing
  8622 | D:7      | Noticed a cyclops
  8629 | D:7      | Killed a centaur warrior
  8676 | D:6      | Killed a red ugly thing
  8923 | D:7      | Killed a cyclops
  8980 | D:7      | Identified Sif Muna's Compendium of Fiery Bewitchment
  9306 | D:7      | Found a runed translucent door.
  9307 | D:7      | Noticed Crazy Yiuf
  9312 | D:7      | Killed Crazy Yiuf
  9353 | D:8      | Found a roughly hewn altar of Beogh.
  9411 | D:8      | Received a gift from Okawaru
  9412 | D:8      | Reached XP level 11. HP: 71/72 MP: 15/15
  9956 | D:8      | Killed a two-headed ogre
  9956 | D:8      | Received a gift from Okawaru
 10475 | D:9      | Noticed a two-headed ogre
 10486 | D:9      | Killed a two-headed ogre
 10829 | D:9      | Noticed Erica
 11019 | D:9      | Reached ***** piety under Okawaru
 11625 | D:10     | Entered Level 10 of the Dungeon
 11842 | D:10     | Noticed a boulder beetle
 11847 | D:10     | Reached skill level 11 in Slings
 12117 | D:10     | Received a gift from Okawaru
 12206 | D:10     | Noticed Joseph
 12240 | D:10     | Found Ecwuisi's Jewellery Boutique.
 12240 | D:10     | Found a staircase to the Orcish Mines.
 12341 | D:10     | Reached XP level 12. HP: 81/81 MP: 17/17
 12399 | D:10     | Received a gift from Okawaru
 12788 | D:9      | Killed Erica
 13332 | D:10     | Received a gift from Okawaru
 13341 | D:10     | Noticed a two-headed ogre
 13350 | D:10     | Killed a two-headed ogre
 13371 | D:10     | Noticed Erolcha
 13428 | D:10     | Noticed Gastronok
 13473 | D:10     | Received a gift from Okawaru
 13609 | D:10     | Reached skill level 10 in Stealth
 13703 | D:10     | Found the +3 Elemental Staff {rElec rF++ rC++ Will++ AC+5}
 14578 | D:10     | Killed Joseph
 14640 | D:10     | Killed a boulder beetle
 14826 | D:10     | Bought an uncursed ring of poison resistance for 340 gold
                  | pieces
 15350 | D:11     | Found a staircase to the Lair.
 15360 | D:11     | Noticed a two-headed ogre
 15369 | D:11     | Killed a two-headed ogre
 15467 | D:11     | Reached skill level 1 in Shields
 15518 | D:11     | Received a gift from Okawaru
 15588 | D:11     | Noticed a four-headed hydra
 15962 | Lair:1   | Entered Level 1 of the Lair of Beasts
 15975 | Lair:1   | Reached XP level 13. HP: 77/88 MP: 19/19
 16006 | Lair:1   | Reached skill level 10 in Dodging
 16232 | Lair:1   | Reached skill level 12 in Slings
 16284 | Lair:1   | Noticed an eight-headed hydra
 16322 | D:11     | Slain by an eight-headed hydra

Illustrated notes

Levels and vault maps discovered:
D:1:      dpeg_arrival_round_c, layout_rooms, serial_rivers,
          chequers_serial_rivers_micro_d, chequers_serial_rivers_small_a,
          chequers_serial_rivers_micro_e, chequers_serial_rivers_large_a,
          minmay_misc_feat_columns
D:2:      layout_rooms, serial_rivers, chequers_serial_rivers_micro_e,
          chequers_serial_rivers_room_b, chequers_serial_rivers_room_b,
          chequers_serial_rivers_micro_a, chequers_serial_rivers_micro_e,
          kennysheep_donut, serial_bayou_pond_c, kennysheep_path_1
D:3:      layout_rooms, kennysheep_okawaru_gauntlet, uniq_ijyb
D:4:      layout_basic, serial_shops, shop
D:5:      layout_loops_ring, nzn_hepliaklqana_mist_gate,
          chequers_ossuary_entry_cave, serial_shops, shop,
          makhleb_blood_cavern_becter, uniq_grinder, uniq_eustachio
D:6:      layout_loops_ring, minmay_temple_entry_gardened_gates,
          gup_sewer_entry_glass
D:7:      layout_rooms, minmay_the_grid_2x2 [minmay_the_grid_expand,
          minmay_the_grid_minigrid_large, minmay_the_grid_slots,
          minmay_the_grid_prize_diamond_cup], uniq_crazy_yiuf_cottage
D:8:      layout_basic, special_room [special_room_orc]
D:9:      layout_roguey, uniq_erica
D:10:     minmay_imperfect_grid, layout_basic, orc_0_dummy, serial_shops, shop,
          item_on_display_a, uniq_joseph, uniq_erolcha, uniq_gastronok
D:11:     layout_gridville, lair_entry_dummy
Lair:1:   layout_gridlike, serial_bayou_shore_a

Skill      XL: |  1  2  3  4  5  6  7  8  9 10 11 12 13 |
---------------+----------------------------------------+-----
Slings         | 6 7 8 9 10 11 12 | 12.0
Fighting       | 2 3 4 5 6 7 8 |  8.3
Armour         | 1 2 3 4 5 6 8 9 |  9.4
Stealth        | 2 3 4 5 6 8 9 10 | 10.6
Dodging        | 3 4 5 6 7 8 9 10 | 10.0
Invocations    | 1 3 4 6 7 8 9 |  9.0
Shields        | 1 2 |  2.3

Action                   |  1- 3 |  4- 6 |  7- 9 | 10-12 | 13-15 || total
-------------------------+-------+-------+-------+-------+-------++-------
Melee: Short sword       |     2 |       |       |       |       ||     2
       Unarmed           |       |     1 |       |       |       ||     1
       Dagger            |       |       |     1 |    29 |       ||    30
       Staff             |       |       |       |    44 |       ||    44
 Fire: Hunting sling     |    82 |   169 |   571 |  1270 |    66 ||  2158
Invok: Heroism           |       |       |     2 |     4 |     1 ||     7
Evoke: Wand              |       |       |       |     8 |     1 ||     9
  Use: Scroll            |       |     8 |    11 |    10 |       ||    29
       Potion            |       |       |       |     3 |     1 ||     4
 Stab: Sleeping          |     1 |       |     1 |       |       ||     2
Armor: Leather armour    |     4 |    12 |    52 |   190 |     8 ||   266
       Skin              |       |       |       |    53 |       ||    53
Dodge: Dodged            |    11 |    27 |   199 |   456 |    39 ||   732
